cohdb
Replays
Latest Replays
All Replays
Popular Replays
Top Player Replays
Match Explorer
How It Works
Community
CoH3 Stats
Reddit
Sign in to upload your games and track your stats! →
Sign in with Steam
Match 41879239
Unlisted
Match 41879239
Overview
Messages
Build Orders
End
Panzerpioneer Squad
Panzergrenadier Squad
Panzergrenadier Squad
Panzergrenadier Squad
Construct Light Support Kompanie
MG34 Team
Fire Support Elements
Panzerjäger Mechanized Group
Selects Panzerjäger Kommand Battlegroup
Selects Mine Fields
Selects Defensive Positions
Selects Tank Busters
Flakvierling Half-track
2.5-tonne Medical Truck
Selects Butterfly Bomb Drop
Butterfly Bomb Drop
Assault Mechanized Group
Pak 38 Anti-tank Gun Team
Selects Crew Shock Tactics
Panzerjäger Squad
Construct Panzerarmee Kommand
Flak 36 Anti-tank Gun Team
MadMax
Johnson_30er_80iger
0
0
Comments
sign in to comment!
No comments posted yet!